 Dungeon Crawl Stone Soup version 0.26-a0-663-g36e8fdb655 (webtiles) character file.

Game seed: 6124062557081092564

6788 Gargoyl the Fighter (level 11, 0/130 HPs)
             Began as a Gnoll Abyssal Knight on Oct 11, 2020.
             Was a High Priest of Lugonu.
             Slain by Harold
             ... wielding a +0 halberd
              (12 damage)
             ... on level 9 of the Dungeon.
             The game lasted 00:15:39 (11619 turns).

Gargoyl the Fighter (Gnoll Abyssal Knight)         Turns: 11619, Time: 00:15:40

Health: 0/130      AC: 29    Str: 18    XL:     11   Next: 5%
Magic:  19/19      EV:  2    Int: 14    God:    Lugonu [*****.]
Gold:   393        SH:  0    Dex: 15    Spells: 21/21 levels left

rFire    . . .     SeeInvis .   a - +2 hand axe
rCold    . . .     Faith    .   (no shield)
rNeg     + + +     Spirit   .   (armour currently unavailable)
rPois    +         Reflect  .   (helmet currently unavailable)
rElec    .         Harm     .   (cloak currently unavailable)
rCorr    .         Rampage  .   (gloves currently unavailable)
MR       .....     NoTele   +   (boots currently unavailable)
Stlth    +++.......             u - amulet of the acrobat
HPRegen  0.31/turn              l - ring of poison resistance
MPRegen  0.16/turn              o - +4 ring of protection

@: mighty, brilliant, tree-form, marked, very slightly contaminated, invisible
A: distributed training, strong nose
a: Depart the Abyss, Bend Space, Banish, Corrupt, Enter the Abyss, Renounce
Religion


You were on level 9 of the Dungeon.
You worshipped Lugonu.
Lugonu was extremely pleased with you.
You were a tree.
You visited 1 branch of the dungeon, and saw 9 of its levels.
You visited the Abyss 1 time.

You collected 393 gold pieces.

Inventory:

Hand Weapons
 a - a +2 hand axe (weapon)
 m - a +2 short sword of flaming
Missiles
 q - 39 poisoned darts (quivered)
Armour
 c - a +1 plate armour (melded)
 h - a +0 helmet (melded)
 i - a +1 cloak (melded)
 y - a +0 pair of gloves (melded)
Jewellery
 l - a ring of poison resistance (left branch)
 o - a +4 ring of protection (right branch)
 s - an uncursed ring of protection from magic
 u - an amulet of the acrobat (around neck)
 z - an uncursed ring of protection from fire
 D - a cursed ring of teleportation {unknown}
Wands
 k - a wand of acid (8)
 x - a wand of paralysis (1)
 A - a wand of flame (18)
 E - a wand of digging (7)
Scrolls
 b - a scroll of holy word {unknown}
 f - 3 scrolls of remove curse
 g - 2 scrolls of identify
 j - 2 scrolls of enchant armour
 p - 2 scrolls of fear
 w - a scroll of teleportation
 B - a scroll of enchant weapon
Potions
 d - 2 potions of lignification
 e - 2 potions of curing
 t - a potion of might
 v - 3 potions of flight
 C - 3 potions of heal wounds {unknown}


   Skills:
 + Level 8.9 Fighting
 + Level 5.9 Short Blades
 + Level 5.9 Long Blades
 + Level 7.5 Axes
 + Level 5.9 Maces & Flails
 + Level 5.9 Polearms
 + Level 5.9 Staves
 + Level 5.9 Slings
 + Level 5.9 Bows
 + Level 5.9 Crossbows
 + Level 5.9 Throwing
 + Level 7.5 Armour
 + Level 6.5 Dodging
 + Level 5.9 Stealth
 + Level 5.9 Shields
 + Level 5.9 Unarmed Combat
 + Level 5.9 Spellcasting
 + Level 4.8 Conjurations
 + Level 4.8 Hexes
 + Level 4.8 Summonings
 + Level 4.8 Necromancy
 + Level 4.8 Translocations
 + Level 4.8 Transmutations
 + Level 4.8 Fire Magic
 + Level 4.8 Ice Magic
 + Level 4.8 Air Magic
 + Level 4.8 Earth Magic
 + Level 4.8 Poison Magic
 + Level 8.0 Invocations
 + Level 5.9 Evocations


You had 21 spell levels left.
You didn't know any spells.
Your spell library contained the following spells:

 Spells                   Type           Power        Failure   Level
 Sting                    Tmut/Pois      ####         2%          1
 Poisonous Vapours        Pois/Air       ####..       3%          2
 Ignite Poison            Fire/Tmut/Pois ####....     6%          3
 Mephitic Cloud           Conj/Pois/Air  ####....     6%          3
 Olgreb's Toxic Radiance  Pois           ####....     22%         4


Dungeon Overview and Level Annotations

Branches:
Dungeon (9/15)             Temple (0/1) D:5            Lair (0/6) D:8
    Orc: D:9-12

Altars:
Ashenzari
Elyvilon
Fedhas
Kikubaaqudgha
Nemelex Xobeh
Okawaru
Ru
Sif Muna
Trog
Uskayaw
Vehumet
Zin
The Shining One

Shops:
D:6 *

Annotations:
D:9 Harold


Innate Abilities, Weirdness & Mutations

Your experience applies equally to all skills.
((You have very sharp teeth.))
Your uncanny sense of smell can sniff out nearby items.


Message History

The kobold shoots a bolt.
The bolt barely misses Harold.
The bolt hits you but does no damage.
You hit Harold but do no damage.
Harold is severely wounded.
Harold drinks a potion.
Harold is healed!
You slash Harold!
Harold is severely wounded.
Harold hits you but does no damage.
You slash Harold!
Harold is severely wounded.
The kobold shoots a bolt.
The bolt hits Harold but does no damage.
Harold casts a spell at you. The mark upon you grows brighter.
You feel better.
The kobold shoots a bolt.
The bolt hits Harold.
Harold hits you but does no damage.
You slash Harold!
Harold is almost dead.
Harold hits you with a +0 halberd!
You die...

.##....................##
........#...............#
#.......#.....####......#
#...#.........#.........#
#...#...................#
....#.....#####.#########
....#.....#.....).......
..........#....)))......
..............))♣(......
...........<....)@(.....
.................K......
.........##...>.........
.........##.............
.........##.......##....
.........########.# ....
.........# .. ...


You could see Harold and a kobold.

Vanquished Creatures
  A two-headed ogre (D:9)
  An ugly thing (D:8)
  Joseph (D:9)
  Psyche (D:9)
  A troll (D:9)
  Prince Ribbit (D:7)
  A wyvern (D:9)
  2 water moccasins
  7 orc warriors
  An ice beast (D:9)
  A sky beast (D:8)
  2 phantoms
  A black bear (D:8)
  4 ogres
  A centaur (D:9)
  A necrophage (D:6)
  2 big kobolds (D:9)
  Blork the orc (D:5)
  4 bullfrogs
  6 scorpions
  9 killer bees (D:7)
  3 wights (D:8)
  2 howler monkeys
  A bullfrog zombie (D:5)
  A centaur zombie (D:6)
  2 quasits
  2 centaur skeletons (D:4)
  8 hounds
  2 jellies
  2 gnoll shamans
  4 orc priests
  A bullfrog skeleton (D:8)
  5 orc wizards
  2 iguanas
  5 worker ants
  2 hound zombies (D:7)
  12 gnolls
  8 adders
  2 shadow imps
  A white imp (D:5)
  An adder skeleton (D:9)
  3 dart slugs
  10 leopard geckos
  30 orcs
  11 bats
  2 giant cockroaches
  7 goblins
  7 hobgoblins
  12 jackals
  A quokka (D:6)
  A ball python (D:3)
  2 frilled lizards
  15 kobolds
  A leopard gecko zombie (D:6)
  A quokka zombie (D:5)
  11 rats
229 creatures vanquished.

Vanquished Creatures (others)
  2 jackals (D:5)
  2 kobolds (D:9)
  16 fungi (D:8)
  11 plants (D:8)
31 creatures vanquished.

Grand Total: 260 creatures vanquished

Notes
Turn   | Place    | Note
-------+----------+-------------------------------------------
     0 | Abyss:1  | Gargoyl the Gnoll Abyssal Knight began the quest for the
                  | Orb.
     0 | Abyss:1  | Reached XP level 1. HP: 23/23 MP: 3/3
    59 | Abyss:2  | Noticed a thrashing horror
    63 | Abyss:2  | Noticed a starcursed mass
    64 | D:1      | Escaped the Abyss
   360 | D:1      | Reached XP level 2. HP: 29/29 MP: 5/5
   389 | D:1      | Reached * piety under Lugonu
   581 | D:1      | Reached XP level 3. HP: 34/35 MP: 6/6
  1058 | D:2      | Reached ** piety under Lugonu
  1068 | D:2      | Reached skill level 1 in Short Blades
  1068 | D:2      | Reached skill level 1 in Long Blades
  1068 | D:2      | Reached skill level 1 in Maces & Flails
  1068 | D:2      | Reached skill level 1 in Polearms
  1068 | D:2      | Reached skill level 1 in Staves
  1068 | D:2      | Reached skill level 1 in Slings
  1068 | D:2      | Reached skill level 1 in Bows
  1068 | D:2      | Reached skill level 1 in Crossbows
  1068 | D:2      | Reached skill level 1 in Throwing
  1068 | D:2      | Reached skill level 1 in Stealth
  1068 | D:2      | Reached skill level 1 in Shields
  1068 | D:2      | Reached skill level 1 in Unarmed Combat
  1068 | D:2      | Reached skill level 1 in Spellcasting
  1068 | D:2      | Reached skill level 1 in Evocations
  1147 | D:2      | Reached XP level 4. HP: 41/41 MP: 7/7
  2025 | D:3      | Found a shimmering blue altar of Sif Muna.
  2027 | D:3      | Found a bloodstained altar of Trog.
  2027 | D:3      | Found a glowing silver altar of Zin.
  2029 | D:3      | Found a sparkling altar of Nemelex Xobeh.
  2147 | D:3      | Found a shimmering blue altar of Sif Muna.
  2164 | D:3      | Found an iron altar of Okawaru.
  2186 | D:3      | Reached skill level 1 in Conjurations
  2186 | D:3      | Reached skill level 1 in Hexes
  2186 | D:3      | Reached skill level 1 in Summonings
  2186 | D:3      | Reached skill level 1 in Necromancy
  2186 | D:3      | Reached skill level 1 in Translocations
  2186 | D:3      | Reached skill level 1 in Transmutations
  2186 | D:3      | Reached skill level 1 in Fire Magic
  2186 | D:3      | Reached skill level 1 in Ice Magic
  2186 | D:3      | Reached skill level 1 in Air Magic
  2186 | D:3      | Reached skill level 1 in Earth Magic
  2186 | D:3      | Reached skill level 1 in Poison Magic
  2260 | D:3      | Found a sacrificial altar of Ru.
  2362 | D:3      | Found a broken altar of Ashenzari.
  2492 | D:3      | Noticed an orc warrior
  2496 | D:3      | Reached XP level 5. HP: 47/47 MP: 8/8
  2534 | D:2      | Killed an orc warrior
  2534 | D:2      | Reached skill level 5 in Invocations
  2534 | D:2      | Reached XP level 6. HP: 14/53 MP: 9/9
  3088 | D:4      | Reached skill level 5 in Axes
  3088 | D:4      | Reached skill level 5 in Armour
  3139 | D:4      | Reached *** piety under Lugonu
  3548 | D:4      | Reached XP level 7. HP: 59/59 MP: 10/10
  3932 | D:4      | Found a glowing golden altar of the Shining One.
  3982 | D:5      | Entered Level 5 of the Dungeon
  3982 | D:5      | Noticed Blork the orc
  4006 | D:5      | Killed Blork the orc
  4006 | D:5      | Reached XP level 8. HP: 62/67 MP: 12/12
  4642 | D:5      | Found a white marble altar of Elyvilon.
  4723 | D:5      | Found a hide-covered altar of Uskayaw.
  5120 | D:5      | Found a staircase to the Ecumenical Temple.
  5611 | D:6      | Found a radiant altar of Vehumet.
  5888 | D:6      | Found Lagudwef's Elemental Accessories.
  5928 | D:6      | Reached XP level 9. HP: 72/72 MP: 14/14
  6285 | D:6      | Reached **** piety under Lugonu
  7172 | D:7      | Noticed Prince Ribbit
  7183 | D:7      | Killed Prince Ribbit
  7183 | D:7      | Reached skill level 5 in Dodging
  7576 | D:7      | Found an ancient bone altar of Kikubaaqudgha.
  8232 | D:8      | Found a blossoming altar of Fedhas.
  8903 | D:8      | Reached XP level 10. HP: 80/80 MP: 17/17
  9013 | D:8      | Reached skill level 5 in Short Blades
  9013 | D:8      | Reached skill level 5 in Long Blades
  9013 | D:8      | Reached skill level 5 in Maces & Flails
  9013 | D:8      | Reached skill level 5 in Polearms
  9013 | D:8      | Reached skill level 5 in Staves
  9013 | D:8      | Reached skill level 5 in Slings
  9013 | D:8      | Reached skill level 5 in Bows
  9013 | D:8      | Reached skill level 5 in Crossbows
  9013 | D:8      | Reached skill level 5 in Throwing
  9013 | D:8      | Reached skill level 5 in Stealth
  9013 | D:8      | Reached skill level 5 in Shields
  9013 | D:8      | Reached skill level 5 in Unarmed Combat
  9013 | D:8      | Reached skill level 5 in Spellcasting
  9013 | D:8      | Reached skill level 5 in Evocations
  9125 | D:8      | Found a staircase to the Lair.
  9597 | D:9      | Noticed a green ugly thing
  9647 | D:8      | Killed a green ugly thing
 10082 | D:9      | Noticed a two-headed ogre
 10095 | D:9      | Killed a two-headed ogre
 10328 | D:9      | Noticed Psyche
 10351 | D:9      | Killed Psyche
 11157 | D:9      | Noticed Joseph
 11176 | D:9      | Killed Joseph
 11318 | D:9      | Reached XP level 11. HP: 79/87 MP: 19/19
 11585 | D:9      | Noticed Harold
 11585 | D:9      | Reached ***** piety under Lugonu
 11613 | D:9      | HP: 5/130 [Harold/+0 halberd (14)]
 11619 | D:9      | Slain by Harold

Illustrated notes

Levels and vault maps discovered:
D:1:      eino_arrival_druids_welcome, layout_basic, minmay_misc_feat_enclosed
D:2:      layout_basic
D:3:      layout_loops_cross, ashenzari_conservatory_becter, minitemple,
          lemuel_doored_altar, okawaru_metal_pillars_3, led_sif_pool
D:4:      layout_rooms, tso_altar
D:5:      layout_basic, eat_drink_and_be_merry_uskayaw, elyvilon_altar_4,
          minmay_temple_entry_antechambers, uniq_blork_the_orc
D:6:      layout_loops_cross, kennysheep_mini, chequers_serial_rivers_micro_e,
          nicolae_elemental_shop
D:7:      layout_basic, nicolae_overflow_hidden_temple, uniq_prince_ribbit1
D:8:      layout_cave_pods, fedhas_altar_1, grunt_lair_entry_orc_guard_hut
D:9:      layout_basic, uniq_harold, uniq_joseph, uniq_psyche

Skill      XL: |  1  2  3  4  5  6  7  8  9 10 11 |
---------------+----------------------------------+-----
Short Blades   | 1 2 3 4 5 |  5.9
Long Blades    | 1 2 3 4 5 |  5.9
Maces & Flails | 1 2 3 4 5 |  5.9
Polearms       | 1 2 3 4 5 |  5.9
Staves         | 1 2 3 4 5 |  5.9
Slings         | 1 2 3 4 5 |  5.9
Bows           | 1 2 3 4 5 |  5.9
Crossbows      | 1 2 3 4 5 |  5.9
Throwing       | 1 2 3 4 5 |  5.9
Stealth        | 1 2 3 4 5 |  5.9
Shields        | 1 2 3 4 5 |  5.9
Unarmed Combat | 1 2 3 4 5 |  5.9
Spellcasting   | 1 2 3 4 5 |  5.9
Evocations     | 1 2 3 4 5 |  5.9
Conjurations   | 1 2 3 4 |  4.8
Hexes          | 1 2 3 4 |  4.8
Summonings     | 1 2 3 4 |  4.8
Necromancy     | 1 2 3 4 |  4.8
Translocations | 1 2 3 4 |  4.8
Transmutations | 1 2 3 4 |  4.8
Fire Magic     | 1 2 3 4 |  4.8
Ice Magic      | 1 2 3 4 |  4.8
Air Magic      | 1 2 3 4 |  4.8
Earth Magic    | 1 2 3 4 |  4.8
Poison Magic   | 1 2 3 4 |  4.8
Dodging        | 3 4 5 6 |  6.5
Invocations    | 5 6 7 8 |  8.0
Axes           | 5 6 7 |  7.5
Armour         | 5 6 7 |  7.5
Fighting       | 7 8 |  8.9

Action                   |  1- 3 |  4- 6 |  7- 9 | 10-12 || total
-------------------------+-------+-------+-------+-------++-------
Melee: Hand axe          |   116 |    26 |       |    95 ||   237
       Bite              |     5 |    18 |    72 |    39 ||   134
       Short sword       |       |   138 |   557 |   232 ||   927
       Punch             |       |     4 |     9 |     5 ||    18
Throw: Dart              |       |       |    11 |    26 ||    37
Invok: Depart the Abyss  |     1 |       |       |       ||     1
       Bend Space        |       |       |     2 |       ||     2
       Banish            |       |       |     1 |       ||     1
Evoke: Wand              |       |       |     5 |     5 ||    10
  Use: Scroll            |     1 |     5 |     9 |     1 ||    16
       Potion            |       |       |     2 |     8 ||    10
 Stab: Paralysed         |       |       |     3 |       ||     3
       Invisible         |       |       |       |     7 ||     7
Armor: Plate armour      |   138 |   137 |   362 |   279 ||   916
       Skin              |       |       |       |    17 ||    17
Dodge: Dodged            |    47 |    51 |   282 |   209 ||   589

Table legend: (Time is in decaauts)
 A = Elapsed time spent in this place.
 B = Non-inter-level travel time spent in this place.
 C = Inter-level travel time spent in this place.
 D = Time resting spent in this place.
 E = Time spent auto-exploring this place.
 F = Levels seen in this place.
 G = Mean time per level.
                   A        B        C        D        E       F      G
               +--------+--------+--------+--------+--------+-----+--------+
         Total |  11532 |  11307 |    225 |   2785 |   6177 |  11 | 1048.4 |
       Dungeon |  11468 |  11243 |    225 |   2785 |   6149 |   9 | 1274.2 |
         Abyss |     63 |     63 |      0 |      0 |     28 |   2 |   31.5 |
               +--------+--------+--------+--------+--------+-----+--------+

Top non-repeatable levels by time:
     D:8: 1866 daAuts
     D:7: 1567 daAuts
     D:5: 1553 daAuts
     D:9: 1313 daAuts
     D:2: 1269 daAuts
     D:6: 1238 daAuts
     D:1: 914 daAuts
     D:4: 900 daAuts
     D:3: 844 daAuts
 Abyss:2: 52 daAuts
 Abyss:1: 11 daAuts
